 Dungeon Crawl Stone Soup version 0.27-a0-909-g0721f309d1 (webtiles) character file.

Game seed: 4847941655927252819

7357 Alarkh the Martial Artist (level 10, -1/80 HPs)
             Began as a Demonspawn Gladiator on Apr 8, 2021.
             Was a High Priest of Uskayaw.
             Killed by refrigeration
             ... invoked by Fannar
              (24 damage)
             ... on level 10 of the Dungeon.
             The game lasted 00:17:20 (9035 turns).

Alarkh the Martial Artist (Demonspawn Gladiator)    Turns: 9035, Time: 00:17:21

Health: -1/80      AC: 18    Str: 14    XL:     10   Next: 91%
Magic:  12/12      EV: 11    Int: 14    God:    Uskayaw [*****.]
Gold:   274        SH:  0    Dex: 14    Spells: 9/9 levels left

rFire    . . .     SeeInvis .     - Unarmed
rCold    . . .     Faith    +   (no shield)
rNeg     . . .     Spirit   .   t - +5 scale mail of Fashionability {Slay+2}
rPois    .         Reflect  .   b - +0 helmet
rElec    .         Harm     .   f - +0 cloak
rCorr    .         Rampage  .   (no gloves)
Will     .....                  y - +0 pair of boots
Stlth    +.........             o - amulet of faith
HPRegen  0.23/turn              (no ring)
MPRegen  0.13/turn              (no ring)

@: no status effects
A: claws 2, molten scales 1, powered by death 2, powered by pain 1
a: Renounce Religion, Stomp, Line Pass, Grand Finale


You were on level 10 of the Dungeon.
You worshipped Uskayaw.
Uskayaw was noncommittal.
You visited 2 branches of the dungeon, and saw 11 of its levels.
You also visited: Ossuary.

You collected 436 gold pieces.
You spent 162 gold pieces at shops.

Inventory:

Missiles
 c - 4 throwing nets (quivered)
 F - 25 poisoned darts
 J - 5 boomerangs of dispersal
 M - 2 curare-tipped darts
 N - 8 atropa-tipped darts
Armour
 a - a +0 leather armour
 b - a +0 helmet (worn)
 f - a +0 cloak (worn)
 i - a +2 leather armour of cold resistance
 t - the +5 scale mail of Fashionability (worn) {Slay+2}
   (You bought it in a shop on level 4 of the Dungeon)

   It affects your accuracy and damage with ranged weapons and melee attacks
   (+2).
 y - a +0 pair of boots (worn)
Magical Staves
 n - a staff of air
Jewellery
 o - an amulet of faith (around neck)
 H - a ring of resist corrosion
 I - a ring of willpower
Wands
 v - a wand of polymorph (13)
Scrolls
 d - 2 scrolls of teleportation
 g - a scroll of blinking
 h - 4 scrolls of magic mapping {unknown}
 k - 2 scrolls of enchant armour {unknown}
 l - 3 scrolls of amnesia {unknown}
 m - a scroll of acquirement {unknown}
 r - 3 scrolls of identify
 s - a scroll of vulnerability {unknown}
 u - 2 scrolls of enchant weapon {unknown}
 w - 5 scrolls of noise {unknown}
 E - a scroll of immolation {unknown}
 K - a scroll of brand weapon {unknown}
 L - a scroll of fear {unknown}
Potions
 e - 7 potions of curing
 j - a potion of resistance
 p - 2 potions of brilliance
 q - a potion of heal wounds
 x - 2 potions of lignification
 z - 6 potions of degeneration
 A - a potion of attraction
 B - a potion of mutation {unknown}
 C - 3 potions of haste
 D - a potion of flight
 G - a potion of invisibility {unknown}


   Skills:
 + Level 8.2 Fighting
 - Level 1.7 Throwing
 + Level 5.5 Armour
 + Level 6.3 Dodging
 + Level 2.4 Stealth
 * Level 10.7 Unarmed Combat
 + Level 3.3 Invocations


You had 9 spell levels left.
You didn't know any spells.
Your spell library contained the following spells:

 Spells                   Type           Power      Damage    Failure   Level
 Animate Skeleton         Necr           0%         N/A       73%         1
 Apportation              Tloc           0%         N/A       73%         1
 Corona                   Hex            0%         N/A       73%         1
 Summon Small Mammal      Summ           0%         N/A       73%         1
 Slow                     Hex            0%         N/A       86%         2
 Inner Flame              Hex/Fire       0%         N/A       97%         3
 Portal Projectile        Hex/Tloc       0%         N/A       97%         3
 Cause Fear               Hex            0%         N/A       100%        4
 Leda's Liquefaction      Hex/Erth       0%         N/A       100%        4
 Silence                  Hex/Air        0%         N/A       100%        5
 Yara's Violent Unravell  Hex/Tmut       0%         3d3       100%        5
 Discord                  Hex            0%         N/A       100%        8


Dungeon Overview and Level Annotations

Branches:
Dungeon (10/15)            Temple (1/1) D:7             Orc (0/2) D:9
Ossuary (visited)
   Lair: D:8-11

Altars:
Ashenzari
Cheibriados
Dithmenos
Elyvilon
Fedhas
Gozag
Hepliaklqana
Kikubaaqudgha
Makhleb
Nemelex Xobeh
Okawaru
Qazlal
Ru
Sif Muna
Trog
Uskayaw
Vehumet
Wu Jian
Xom
Yredelemnul
Zin
The Shining One

Shops:
D:4 :[(!:   D:5 ([(   D:6 :

Portals:
Abyss: D:4

Annotations:
D:4 2 transporters, casual's ghost, amateur DjTm
D:10 Fannar


Innate Abilities, Weirdness & Mutations

You have very sharp fingernails.
You are partially covered in molten scales. (AC +2)
You regenerate health from kills.
You sometimes gain a little power by taking damage.


Message History

Throw: 27 darts (poison)
Press: ? - help, Shift-Dir - straight line, f/p - Fannar
Aim: Fannar, wielding a +0 quarterstaff of freezing, wearing a +1 robe of cold resistance and wearing a ring of ice (covered in an icy film, 50% to hit)
You throw a poisoned dart. The poisoned dart barely misses Fannar.
Throw: 26 darts (poison)
Press: ? - help, Shift-Dir - straight line, f/p - Fannar
Aim: Fannar, wielding a +0 quarterstaff of freezing, wearing a +1 robe of cold resistance and wearing a ring of ice (covered in an icy film, 50% to hit)
You throw a poisoned dart. The poisoned dart hits Fannar.
Fannar is poisoned.
You claw Fannar!
Fannar is lightly wounded.
Uskayaw will force your foes to helplessly watch your dance.
Uskayaw prepares the audience for your solo!
The helpless Fannar fails to defend themself.
You mangle Fannar!!
Fannar is heavily wounded.
Fannar is no longer paralysed.
Fannar gestures wildly while chanting.
Fannar drains the heat from the surrounding environment!
Uskayaw will force your foes to share their pain.
You claw Fannar!
Fannar is severely wounded.
Fannar casts a spell.
You scratch Fannar. You claw Fannar!
Fannar is almost dead.
Fannar hits you with a +0 quarterstaff of freezing.
Fannar freezes you.
You can now merge with and destroy a victim.
You barely miss Fannar.
Fannar is almost dead.
The ice beast hits you. The ice beast freezes you!
* * * LOW HITPOINT WARNING * * *
Fannar hits you but does no damage.
You scratch Fannar.
Fannar is almost dead.
The ice beast hits you but does no damage.
You closely miss Fannar.
Fannar is almost dead.
Fannar mumbles some strange words.
Fannar drains the heat from the surrounding environment!
You die...

#....... #...... +.....
....$.# .... ...... ...
....# #####.#+#
...####.#.#.#.#.##
..##....Y<......#
#######.##.#.#@#.#[#.##
#...........[e))......#
#....†..<###(#.#.#.#.#.#
+>.......#.............
#.....e..#.#.#.#.#.#.#.#
#........'.............+
#.......(### #.#.# #.#.#
#####'#### ..... ..##
#..


You could see Fannar (icy armour, poisoned) and an ice beast (summoned).

Vanquished Creatures
  A two-headed ogre (D:9)
  Pikel (D:4)
  A komodo dragon (D:10)
  A troll (D:9)
  2 hornets (D:8)
  Prince Ribbit (D:9)
  2 wyverns
  Grum (D:8)
  Edmund (D:6)
  3 orc warriors
  An ice beast (D:7)
  3 ogres
  A necrophage (D:6)
  4 centaurs
  3 wolves (D:8)
  2 lemures
  2 phantoms
  7 kobold brigands
  4 bullfrogs
  4 gnoll sergeants
  3 scorpions
  2 wyvern zombies
  A water moccasin zombie (D:5)
  A wyvern skeleton (D:5)
  3 killer bees (D:9)
  A howler monkey (D:10)
  4 centaur zombies
  3 jellies
  A bullfrog zombie (D:5)
  4 hounds
  Crazy Yiuf (D:6)
  4 orc priests
  3 gnoll shamans
  3 iguanas
  8 orc wizards
  A scorpion zombie (D:5)
  A hound skeleton (D:4)
  6 mummies (Ossuary)
  17 gnolls
  3 adders
  3 shadow imps
  3 white imps
  2 worms
  2 dart slugs
  28 orcs
  10 ball pythons
  6 endoplasms
  3 giant cockroaches
  A gnoll zombie (Ossuary)
  11 goblins
  6 hobgoblins
  15 jackals (D:1)
  9 quokkas
  5 bats
  2 frilled lizards (D:1)
  2 goblin zombies (Ossuary)
  A hobgoblin zombie (Ossuary)
  12 kobolds
  3 kobold zombies (Ossuary)
  4 rats
243 creatures vanquished.

Vanquished Creatures (others)
  A fungus (D:6)
  2 plants (D:4)
3 creatures vanquished.

Grand Total: 246 creatures vanquished

Notes
Turn   | Place    | Note
-------+----------+-------------------------------------------
     0 | D:1      | Alarkh the Demonspawn Gladiator began the quest for the
                  | Orb.
     0 | D:1      | Reached XP level 1. HP: 16/16 MP: 1/1
    48 | D:1      | Reached skill level 3 in Unarmed Combat
    58 | D:1      | Gained mutation: You have sharp fingernails. [demonic
                  | ancestry]
    58 | D:1      | Reached XP level 2. HP: 3/22 MP: 2/2
   636 | D:1      | Gained mutation: You sometimes gain a little power by
                  | taking damage. [demonic ancestry]
   636 | D:1      | Reached XP level 3. HP: 20/28 MP: 3/3
  1245 | D:2      | Reached skill level 4 in Unarmed Combat
  1670 | D:2      | Gained mutation: You regenerate a little health from kills.
                  | [demonic ancestry]
  1670 | D:2      | Reached XP level 4. HP: 34/34 MP: 4/4
  2123 | D:3      | Noticed an ogre
  2657 | D:3      | Killed an ogre
  2658 | D:3      | Reached XP level 5. HP: 20/41 MP: 5/5
  2804 | D:4      | Found a transporter.
  2806 | D:4      | Found a one-way gate to the infinite horrors of the Abyss.
  2806 | D:4      | Noticed casual's ghost (amateur DjTm)
  2833 | D:4      | Found Syc Suqei's Book Boutique.
  2833 | D:4      | Noticed a lemure
  2833 | D:4      | Noticed a lemure
  2860 | D:4      | Killed a lemure
  3089 | D:3      | Killed a lemure
  3122 | D:4      | Reached skill level 5 in Unarmed Combat
  3200 | D:4      | Found Liteas's Antique Weapon Shop.
  3209 | D:4      | Reached XP level 6. HP: 42/48 MP: 6/6
  3336 | D:4      | Found Ijoykk's Antique Armour Shoppe.
  3413 | D:4      | Found a sparkling altar of Nemelex Xobeh.
  3428 | D:4      | Noticed Pikel
  3449 | D:4      | Killed Pikel
  3450 | D:4      | Reached skill level 5 in Fighting
  3450 | D:4      | Reached skill level 6 in Unarmed Combat
  3450 | D:4      | Reached XP level 7. HP: 30/56 MP: 7/7
  3597 | D:4      | Found a transporter.
  3789 | D:4      | Found Pumawosch's Book Shop.
  3834 | D:4      | Found Sucizuot's Distillery.
  3841 | D:4      | Reached skill level 7 in Unarmed Combat
  3868 | D:4      | Bought a steaming scale mail for 162 gold pieces
  3868 | D:4      | Identified the +5 scale mail of Fashionability {Slay+2}
                  | (You bought it in a shop on level 4 of the Dungeon)
  3934 | D:5      | Entered Level 5 of the Dungeon
  3993 | D:5      | Found Pyqash's Armour Boutique.
  4093 | D:5      | Found Mixehel's Antique Weapon Boutique.
  4161 | D:5      | Identified the +7 hunting sling of Qequmn {freeze, rPois
                  | Str+3}
  4208 | D:5      | Found a sand-covered staircase.
  4212 | Ossuary  | Entered an ossuary
  4427 | Ossuary  | Reached skill level 1 in Armour
  4427 | Ossuary  | Gained mutation: You are partially covered in molten
                  | scales. (AC +2) [demonic ancestry]
  4427 | Ossuary  | Reached XP level 8. HP: 63/63 MP: 8/8
  4598 | D:5      | Found Fanodukk's Weapon Shop.
  5251 | D:6      | Reached skill level 8 in Unarmed Combat
  5267 | D:6      | Found a basalt altar of Yredelemnul.
  5543 | D:6      | Found Wochar's Book Shoppe.
  5599 | D:6      | Noticed Edmund
  5615 | D:6      | Killed Edmund
  5966 | D:6      | Found a runed translucent door.
  5967 | D:6      | Noticed Crazy Yiuf
  5972 | D:6      | Killed Crazy Yiuf
  5973 | D:6      | Gained mutation: You have very sharp fingernails. [demonic
                  | ancestry]
  5973 | D:6      | Reached XP level 9. HP: 71/71 MP: 9/9
  6102 | D:7      | Found a staircase to the Ecumenical Temple.
  6157 | Temple   | Entered the Ecumenical Temple
  6210 | Temple   | Became a worshipper of Uskayaw the Reveller
  6252 | D:7      | Reached * piety under Uskayaw
  6268 | D:7      | Reached ** piety under Uskayaw
  6274 | D:7      | Reached *** piety under Uskayaw
  6283 | D:7      | Reached **** piety under Uskayaw
  6400 | D:7      | Found a broken altar of Ashenzari.
  6473 | D:7      | Reached skill level 9 in Unarmed Combat
  6588 | D:8      | Noticed Prince Ribbit
  6784 | D:8      | Reached skill level 5 in Dodging
  7126 | D:8      | Noticed Grum
  7131 | D:8      | Reached ***** piety under Uskayaw
  7151 | D:8      | Reached ****** piety under Uskayaw
  7160 | D:8      | Killed Grum
  7161 | D:8      | Gained mutation: You regenerate health from kills. [demonic
                  | ancestry]
  7161 | D:8      | Reached XP level 10. HP: 52/79 MP: 10/10
  7319 | D:9      | Killed Prince Ribbit
  7537 | D:8      | Found an opulent altar of Gozag.
  7773 | D:9      | Found a stormy altar of Qazlal.
  7774 | D:9      | Found a blossoming altar of Fedhas.
  7898 | D:9      | Noticed a two-headed ogre
  7904 | D:9      | Killed a two-headed ogre
  7905 | D:9      | Reached skill level 10 in Unarmed Combat
  8003 | D:9      | Reached skill level 5 in Armour
  8173 | D:9      | Reached skill level 1 in Invocations
  8191 | D:9      | Reached skill level 1 in Stealth
  8311 | D:9      | Found a staircase to the Orcish Mines.
  8865 | D:10     | Entered Level 10 of the Dungeon
  8921 | D:10     | Noticed Fannar
  9035 | D:10     | Killed from afar by Fannar

Illustrated notes

Levels and vault maps discovered:
D:1:      wander_arrival_chamber, layout_loops_cross, minmay_domino_4
D:2:      layout_basic, minivault_5
D:3:      layout_loops_ring, minmay_ogre_servants
D:4:      minmay_evil_eye, layout_rooms, kennysheep_mini, serial_shops,
          kennysheep_little_box, nicolae_shop_overgrown_old_shop,
          nicolae_shop_stone, nicolae_shop_overgrown_old_shop,
          nicolae_shop_crystal, gammafunk_ghost_abyssal_escape, uniq_pikel
D:5:      layout_basic, nicolae_ossuary_entry_plus, serial_shops, shop, shop,
          nicolae_shop_behind_doors, hangedman_minor_gate_pass
D:6:      layout_gridville, marbit_many_paths, serial_shops, shop,
          serial_rivers, chequers_serial_rivers_micro_d,
          chequers_serial_rivers_micro_d, chequers_serial_rivers_room_b,
          chequers_serial_rivers_small_3, uniq_edmund, uniq_crazy_yiuf_cottage
D:7:      layout_rooms, ashenzari_altar_1, minmay_temple_entry_grid
D:8:      layout_loops_ring, gammafunk_temple_overflow_elements,
          uniq_prince_ribbit1, uniq_grum
D:9:      layout_stronghold, grunt_temple_overflow_forces_of_nature,
          kennysheep_orc_monster_closet_entryway
D:10:     layout_roguey, dpeg_lair_monsters, st_stairs_11, uniq_fannar
Temple:   eino_wide_crystal_templ

Skill      XL: |  1  2  3  4  5  6  7  8  9 10 |
---------------+-------------------------------+-----
Unarmed Combat | 3 4 5 6 7 8 9 10 | 10.7
Fighting       | 3 5 6 7 8 |  8.2
Dodging        | 3 4 5 6 |  6.3
Armour         | 1 3 4 5 |  5.5
Invocations    | 3 |  3.3
Stealth        | 2 |  2.4
Throwing       | |  1.7

Action                   |  1- 3 |  4- 6 |  7- 9 | 10-12 || total
-------------------------+-------+-------+-------+-------++-------
Melee: Unarmed           |   165 |   168 |   442 |   177 ||   952
       Punch             |     1 |     1 |    18 |    12 ||    32
Throw: Dart              |       |     6 |       |     6 ||    12
       Throwing net      |       |     1 |       |       ||     1
  Use: Scroll            |       |     3 |     4 |     1 ||     8
       Potion            |       |     1 |     4 |     2 ||     7
 Stab: Held in net/web   |       |     1 |       |       ||     1
       Paralysed         |       |       |     8 |    17 ||    25
Armor: Leather armour    |    53 |    41 |       |       ||    94
       Scale mail        |       |       |   206 |   106 ||   312
       Skin              |       |       |     8 |       ||     8
Dodge: Dodged            |   107 |    83 |   191 |   107 ||   488

Table legend: (Time is in decaauts)
 A = Elapsed time spent in this place.
 B = Non-inter-level travel time spent in this place.
 C = Inter-level travel time spent in this place.
 D = Time resting spent in this place.
 E = Time spent auto-exploring this place.
 F = Levels seen in this place.
 G = Mean time per level.
                   A        B        C        D        E       F      G
               +--------+--------+--------+--------+--------+-----+--------+
         Total |   8916 |   8443 |    473 |    798 |   5631 |  12 |  743.0 |
       Dungeon |   8555 |   8103 |    452 |    752 |   5428 |  10 |  855.5 |
        Temple |     74 |     53 |     21 |      0 |     50 |   1 |   74.0 |
       Ossuary |    286 |    286 |      0 |     46 |    153 |   1 |  286.0 |
               +--------+--------+--------+--------+--------+-----+--------+

Top non-repeatable levels by time:
     D:9: 1252 daAuts
     D:8: 1092 daAuts
     D:1: 1090 daAuts
     D:3: 1084 daAuts
     D:6: 946 daAuts
     D:4: 902 daAuts
     D:5: 878 daAuts
     D:2: 812 daAuts
     D:7: 442 daAuts
 Ossuary: 286 daAuts
  Temple: 74 daAuts
    D:10: 53 daAuts
